 Dungeon Crawl Stone Soup version 0.31-a0-188-g5e087ee2ca (webtiles) character file.

Game seed: 18306595335174094408

179 qw the Skirmisher (level 5, 0/29 HPs)
             Began as a Deep Elf Hunter on June 22, 2023.
             Slain by an ogre
             ... wielding a +0 giant spiked club
              (29 damage)
             ... on level 4 of the Dungeon.
             The game lasted 00:00:49 (1954 turns).

qw the Skirmisher (Deep Elf Hunter)                 Turns: 1954, Time: 00:00:50

Health: 0/29       AC:  5    Str: 10    XL:     5   Next: 33%
Magic:  7/7        EV: 11    Int: 14    God:
Gold:   159        SH:  0    Dex: 18    Spells: 4/4 levels left

rFire   . . .        Y - +0 shortbow
rCold   . . .        (shield currently unavailable)
rNeg    . . .        b - +0 ring mail
rPois   .            (no helmet)
rElec   .            (no cloak)
rCorr   .            (no gloves)
SInv    .            (no boots)
Will    .....        (no amulet)
Stlth   +            (no ring)
HPRegen 0.24/turn    (no ring)
MPRegen 0.10/turn

%: no passive effects
@: no status effects
A: no striking features
a: no special abilities


You were on level 4 of the Dungeon.
You visited 1 branch of the dungeon, and saw 4 of its levels.

You collected 159 gold pieces.


   Skills:
 - Level 1.5 Fighting
 + Level 8.8 Ranged Weapons
 - Level 2.4 Dodging
 - Level 1.2 Stealth


You had 4 spell levels left.
You didn't know any spells.
Your spell library was empty.

Inventory:

Hand Weapons
 Y - a +0 shortbow (weapon)
Armour
 b - a +0 ring mail (worn)
Scrolls
 a - a scroll of identify
Potions
 g - a potion of heal wounds {unknown}
 h - a potion of curing {unknown}

Dungeon Overview and Level Annotations

Branches:
Dungeon (4/15)
 Temple: D:4-7

Altars:
Nemelex Xobeh
Trog


Message History

Enter note: Done exploring.
Enter note:
Enter note:
Enter note:
Enter note:
Enter note:
Enter note:
Enter note:
Enter note:
Enter note: Done exploring.
(D) Dungeon
Where to? (* - list waypoints, Enter - D:3, ? - help)
What level of the Dungeon? (default 1, ? - help)
There is a stone staircase leading down here.
You climb downwards.
Found a stone staircase leading down.
There is a stone staircase leading up here.
Waypoint 3 assigned to D:4.
There is a stone staircase leading down here.
An ogre comes into view. It is wielding a +0 giant spiked club.
Found a stone staircase leading down.
You shoot an arrow. The arrow hits the ogre.
The ogre shouts!
The ogre is lightly wounded.
You shoot an arrow.
The arrow hits the ogre but does no damage.
The ogre is lightly wounded.
You shoot an arrow. The arrow barely misses the ogre.
A goblin comes into view. It is wielding a +0 club.
You shoot an arrow. The goblin shouts!
The arrow hits the ogre.
The ogre is lightly wounded.
You shoot an arrow. The arrow hits the ogre.
The ogre is moderately wounded.
The ogre hits you with a +0 giant spiked club!!
Ouch! That really hurt!
You die...

### ##.#######
######.>.@....#
#.##...###O...#
##.....## ....#
##.....## .....#
###.......# ....>#
#.....<...# .....g.
.......................
.......................
#...............


You could see an ogre and a goblin.

Vanquished Creatures
  2 orc priests (D:3)
  An orc wizard (D:3)
  3 adders
  A worm (D:1)
  3 dart slugs
  5 orcs (D:3)
  7 bats
  3 endoplasms (D:1)
  2 giant cockroaches
  6 hobgoblins
  2 jackals (D:1)
  4 kobolds
  A quokka (D:3)
  2 ball pythons
  4 frilled lizards
  2 goblins
  7 rats (D:1)
55 creatures vanquished.

Notes
Turn   | Place    | Note
-------+----------+-------------------------------------------
     0 | D:1      | qw the Deep Elf Hunter began the quest for the Orb.
     0 | D:1      | Reached XP level 1. HP: 12/12 MP: 3/3
     0 | D:1      | 0 ||| qw: Version: 0.3-a-9-g12657ce
     0 | D:1      | 0 ||| qw: Game counter: 2736
     0 | D:1      | 0 ||| qw: Always use a shield: true
     0 | D:1      | 0 ||| qw: God list: Okawaru
     0 | D:1      | 0 ||| qw: Allow faded altars: false
     0 | D:1      | 0 ||| qw: Do Orc after D:15 true
     0 | D:1      | 0 ||| qw: Do second Lair branch before Depths: true
     0 | D:1      | 0 ||| qw: Lair rune preference: random
     0 | D:1      | 0 ||| qw: Plans: Normal
     0 | D:1      | 0 ||| PLANNING D:1-11
    81 | D:1      | Reached XP level 2. HP: 12/16 MP: 4/4
   111 | D:1      | Reached skill level 6 in Ranged Weapons
   301 | D:1      | Found a faded altar of an unknown god.
   455 | D:1      | 455 ||| DROPPING amulet of magic regeneration.
   456 | D:1      | 456 ||| READING scroll labelled HUOL YDWIBRUU.
   457 | D:1      | 457 ||| READING scroll labelled GIHAUV CUASOENO.
   458 | D:1      | 458 ||| READING scroll labelled BELO JUIMPON.
   459 | D:1      | 459 ||| READING scroll labelled SERUUW MYOSEEH.
   489 | D:1      | 489 ||| READING scroll labelled RYOWENW ERUETZ.
   490 | D:1      | 490 ||| READING scroll labelled YNNYONGUWA.
   491 | D:1      | 491 ||| DROPPING scroll of butterflies.
   522 | D:2      | 522 ||| STAIRDANCE
   549 | D:2      | 549 ||| STAIRDANCE
   552 | D:1      | Reached XP level 3. HP: 18/20 MP: 5/5
   647 | D:2      | Found a bloodstained altar of Trog.
   909 | D:2      | Reached skill level 7 in Ranged Weapons
   916 | D:2      | 916 ||| FLEEEEING.
   918 | D:2      | 918 ||| FLEEEEING.
   919 | D:2      | 919 ||| FLEEEEING.
   931 | D:2      | HP: 5/20 [poisoned by an adder]
  1307 | D:2      | 1307 ||| UPGRADING to +0 ring mail.
  1317 | D:2      | 1317 ||| DROPPING +0 leather armour.
  1318 | D:2      | 1318 ||| READING 2 scrolls labelled WOSIEVV RAQIUL.
  1322 | D:2      | 1322 ||| READING scroll labelled DYANUP JITIAGI.
  1362 | D:3      | 1362 ||| FLEEEEING.
  1393 | D:3      | Reached XP level 4. HP: 22/25 MP: 6/6
  1403 | D:3      | 1403 ||| FLEEEEING.
  1404 | D:3      | 1404 ||| FLEEEEING.
  1405 | D:3      | 1405 ||| FLEEEEING.
  1406 | D:3      | 1406 ||| FLEEEEING.
  1407 | D:3      | 1407 ||| FLEEEEING.
  1408 | D:3      | 1408 ||| STAIRDANCE
  1424 | D:2      | 1424 ||| READING scroll labelled VEYWU GOUB YDD.
  1453 | D:3      | Reached skill level 8 in Ranged Weapons
  1455 | D:3      | HP: 6/25 [orc/+0 trident (2)]
  1456 | D:3      | 1456 ||| READING scroll of teleportation.
  1654 | D:3      | Found a sparkling altar of Nemelex Xobeh.
  1789 | D:3      | 1789 ||| Stepping ~*~*~tactically~*~*~ (outnumbered).
  1793 | D:3      | Reached XP level 5. HP: 29/29 MP: 7/7
  1948 | D:4      | Noticed an ogre
  1954 | D:4      | Slain by an ogre

Levels and vault maps discovered:
D:1:      minmay_arrival_open_corners, layout_rooms,
          shapermc_ecumenical_altar_ellora, ebering_dispersal_statue_hall,
          chequers_decorated_corner, grunt_decor_cap
D:2:      layout_rooms, basic_altar, serial_aquarium, aquarium_bridge_square
          [aquarium_subvault_bridge, aquarium_subvault_bridge,
          aquarium_subvault_wall, aquarium_subvault_wall],
          aquarium_bridge_long_separate [aquarium_subvault_bridge,
          aquarium_subvault_wall, aquarium_subvault_bridge,
          aquarium_subvault_window, aquarium_subvault_bridge,
          aquarium_subvault_wall], aquarium_window_1, aquarium_window_fake,
          aquarium_window_1, aquarium_window_corner, aquarium_view_2d,
          aquarium_pool_side, chequers_serial_rivers_small_3
D:3:      layout_rooms, mainiacjoe_overflow_tiny_flanked,
          nicolae_concentric_dashed_squares_wild, minmay_misc_feat_roman
D:4:      layout_layer_cave, serial_shops, nicolae_book_shop_shelving,
          uniq_eustachio, uniq_grinder

Skill      XL: |  1  2  3  4 |
---------------+-------------+-----
Ranged Weapons | 6 7 8 |  8.8
Fighting       | |  1.5
Dodging        | |  2.4
Stealth        | |  1.2

Action                     |  1- 3 |  4- 6 || total
---------------------------+-------+-------++-------
   Fire: Shortbow          |   103 |    53 ||   156
    Use: Scroll            |     8 |     2 ||    10
 Armour: Leather armour    |    10 |       ||    10
         Ring mail         |     3 |    14 ||    17
  Dodge: Dodged            |    24 |    13 ||    37

Table legend:
 A = Non-vault XP
 B = Vault XP
 C = Vault XP percentage of total XP
 D = Non-vault monster count
 E = Vault monster count
 F = Vault count percentage of total count
                 A         B        C        D         E       F
            +---------+---------+-------+---------+---------+-------
      Total |     257 |       0 |   0.0 |      55 |       0 |   0.0
            +---------+---------+-------+---------+---------+-------
        D:1 |      42 |       0 |   0.0 |      23 |       0 |   0.0
        D:2 |      41 |       0 |   0.0 |      10 |       0 |   0.0
        D:3 |     174 |       0 |   0.0 |      22 |       0 |   0.0
            +---------+---------+-------+---------+---------+-------
